AoeStats
← Heinzistcool

Arena

508493753Analyzed
4v4 RM · 9d ago on Sep 22, 2026· 59m 29s· 8 players
Game mode
Random Map
Map size
Large (8 player)
Population
200
Speed
Normal
Resources
Standard
Victory
Conquest
Starting age
Dark Age
Ending age
Imperial Age
RankedLock teamsTeams togetherTeam positionsShared explorationLock speedFull tech treeHidden civsTurbo modeCheats
Victory
Defeat
🇩🇪 Danes · Germany
1710
+12
🇩🇪 Danes · Germany
1615
+16
🇩🇪 Saxons · Germany
1567
+18
🇩🇪 Varangians · Germany
1483
+21
🇭🇰 Saxons · Hong Kong SAR China
1669
-19
🇨🇱 Danes · Chile
1612
-17
🇦🇷 Koreans · Argentina
1599
-16
🇫🇷 Persians · France
1577
-15
Dark Horse
11:17 Feudal Age
12:14 Double-Bit Axe
15:09 Castle Age
13:21 Horse Collar
15:58 Bow Saw
22:56 Wheelbarrow
22:16 Gold Mining
23:23 Loom
26:58 Imperial Age
25:37 Gold Shaft Mining
25:56 Scale Barding Armor
26:01 Forging
26:25 Bloodlines
26:16 Husbandry
27:13 Chain Barding Armor
26:44 Cavalier
28:21 Iron Casting
28:20 Stone Mining
28:54 Savar
31:22 Plate Barding Armor
33:06 Heavy Plow
35:03 Blast Furnace
35:02 Conscription
36:24 Masonry
36:36 Ballistics
36:07 Fletching
37:19 Chemistry
36:40 Light Cavalry
38:40 Hussar
44:35 Citadels
44:28 Bodkin Arrow
46:34 Hoardings
46:30 Architecture
45:56 Murder Holes
49:24 Scale Mail Armor
48:45 Pikeman
changolango
11:08 Feudal Age
14:51 Castle Age
12:39 Horse Collar
13:28 Double-Bit Axe
18:51 Loom
21:55 Bow Saw
22:26 Heavy Plow
22:53 Ballistics
23:54 Fletching
24:49 Husbandry
25:26 Town Watch
26:29 Wheelbarrow
27:14 Bodkin Arrow
31:22 Imperial Age
30:48 Hand Cart
30:42 Gold Mining
30:43 Stone Mining
32:14 Bracer
33:16 Chemistry
32:42 Conscription
32:33 Capped Ram
33:26 Town Patrol
33:31 Elite War Wagon
37:59 Light Cavalry
38:47 Hussar
40:15 Eupseong
42:23 Forging
42:19 Scale Barding Armor
51:02 Iron Casting
50:47 Chain Barding Armor
7E_barbecue
10:05 Feudal Age
11:39 Double-Bit Axe
13:58 Castle Age
12:34 Horse Collar
15:13 Bow Saw
16:19 Wheelbarrow
21:08 Loom
22:03 Heavy Plow
23:51 Hand Cart
24:24 Gold Mining
24:25 Stone Mining
28:35 Imperial Age
25:51 Town Watch
26:21 Scale Mail Armor
27:11 Forging
26:24 Man-at-Arms
26:49 Gambesons
27:05 Squires
26:51 Arson
26:26 Pikeman
28:25 Chain Mail Armor
28:46 Iron Casting
27:35 Long Swordsman
28:00 Gambesons
28:16 Squires
28:02 Arson
28:13 Pikeman
29:49 Plate Mail Armor
28:47 Two-Handed Swordsman
29:13 Gambesons
29:28 Squires
29:14 Arson
29:36 Champion
31:08 Shield Wall
32:08 Conscription
34:34 Two-Man Saw
34:11 Crop Rotation
33:59 Fletching
34:09 Padded Archer Armor
35:26 Bodkin Arrow
36:25 Elite Hearth Troop
37:43 Halberdier
40:18 Gold Shaft Mining
41:15 Guilds
41:55 Siege Engineers
42:51 Chemistry
43:30 Elite Varangian Guard
44:56 Fortified Wall
49:12 Ballistics
[CL] TheCobra
10:36 Feudal Age
14:23 Castle Age
12:15 Double-Bit Axe
12:10 Horse Collar
15:29 Bow Saw
15:44 Heavy Plow
21:37 Loom
23:33 Fletching
LM | MaggieWuerze
11:19 Feudal Age
14:53 Castle Age
13:02 Double-Bit Axe
14:18 Scale Mail Armor
16:14 Forging
16:16 Bow Saw
17:05 Horse Collar
17:32 Arson
21:03 Squires
23:06 Chain Mail Armor
27:23 Wheelbarrow
28:25 Iron Casting
30:43 Heavy Plow
31:09 Hand Cart
31:54 Fletching
32:23 Town Watch
35:29 Imperial Age
33:47 Thumb Ring
33:38 Bodkin Arrow
34:07 Padded Archer Armor
34:08 Gold Mining
35:04 Bloodlines
34:55 Husbandry
35:26 Ballistics
36:39 Gold Shaft Mining
35:33 Cranequins
36:29 Bracer
37:49 Chemistry
38:24 Conscription
39:27 Leather Archer Armor
40:39 Ring Archer Armor
40:35 Heavy Mounted Crossbowman
42:13 Loom
43:01 Coinage
43:47 Caravan
45:41 Masonry
49:39 Northmen's Fury
53:12 Banking
52:59 Siege Engineers
58:02 Murder Holes
Vicky R
10:12 Feudal Age
11:41 Loom
14:35 Castle Age
12:25 Double-Bit Axe
12:26 Horse Collar
15:47 Bow Saw
17:28 Loom
20:18 Wheelbarrow
20:27 Town Watch
25:59 Scale Mail Armor
26:09 Forging
28:37 Imperial Age
26:37 Heavy Plow
27:22 Chain Mail Armor
26:59 Fletching
27:30 Ballistics
27:39 Squires
27:25 Arson
27:33 Gambesons
27:55 Guard Tower
28:02 Bodkin Arrow
28:51 Shield Wall
30:08 Plate Mail Armor
30:03 Elite Varangian Guard
31:27 Conscription
33:31 Bracer
34:59 Murder Holes
35:38 Gold Mining
35:39 Stone Mining
36:56 Keep
38:03 Two-Man Saw
37:45 Iron Casting
39:43 Chemistry
39:44 Crop Rotation
39:03 Capped Ram
39:29 Pikeman
41:08 Gold Shaft Mining
40:50 Halberdier
41:18 Onager
43:44 Caravan
45:07 Padded Archer Armor
44:51 Siege Ram
46:10 Coinage
45:08 Elite Skirmisher
46:02 Masonry
46:33 Leather Archer Armor
47:12 Thumb Ring
47:46 Ring Archer Armor
48:24 Hand Cart
50:35 Fortified Wall
52:12 Siege Engineers
53:42 Banking
56:00 Scale Barding Armor
58:06 Bloodlines
57:57 Husbandry
57:17 Light Cavalry
59:14 Guilds
60:02 Chain Barding Armor
LM | RenLo
5:00 Loom
10:29 Feudal Age
14:12 Castle Age
12:27 Double-Bit Axe
12:24 Horse Collar
15:34 Bow Saw
18:37 Town Watch
19:44 Wheelbarrow
20:56 Heavy Plow
23:30 Town Patrol
28:01 Imperial Age
26:19 Hand Cart
27:14 Forging
27:04 Scale Mail Armor
27:22 Gold Mining
27:58 Fortified Wall
27:56 Fletching
28:41 Iron Casting
29:13 Conscription
29:11 Chain Mail Armor
29:26 Bodkin Arrow
30:24 Ballistics
30:28 Padded Archer Armor
30:36 Scale Barding Armor
31:59 Elite Skirmisher
33:55 Bracer
36:41 Chemistry
37:45 Elite Varangian Guard
38:27 Squires
38:59 Plate Mail Armor
39:29 Blast Furnace
41:23 Padded Archer Armor
42:36 Leather Archer Armor
42:33 Masonry
42:20 Onager
43:14 Siege Engineers
44:54 Architecture
46:02 Murder Holes
47:58 Crop Rotation
52:04 Two-Man Saw
Heinzistcool
10:13 Feudal Age
11:37 Double-Bit Axe
14:04 Castle Age
12:00 Horse Collar
15:02 Bow Saw
14:52 Heavy Plow
23:07 Wheelbarrow
24:08 Hand Cart
24:58 Gold Mining
28:24 Imperial Age
26:39 Gold Shaft Mining
26:07 Scale Mail Armor
26:15 Loom
26:22 Stone Mining
27:30 Devotion
27:34 Squires
26:56 Pikeman
27:43 Caravan
28:15 Coinage
27:17 Hamask
28:57 Chain Mail Armor
29:01 Padded Archer Armor
28:25 Onager
28:33 Halberdier
30:26 Plate Mail Armor
30:07 Forging
29:35 Heavy Scorpion
30:54 Conscription
31:49 Chemistry
31:14 Ballistics
31:01 Fletching
31:22 Siege Onager
31:38 Northmen's Fury
33:24 Banking
32:29 Siege Onager
35:01 Bodkin Arrow
39:05 Siege Engineers
40:27 Caravan
41:46 Iron Casting
47:34 Blast Furnace
46:35 Bracer
49:56 Masonry
49:48 Padded Archer Armor
58:03 Man-at-Arms
58:29 Gambesons
58:10 Elite Varangian Guard
Connection lost

Rejoining the realm…

Still unreachable

The connection could not be restored.

Session expired

The server has moved on; the page needs a fresh start.